 Seeded DCSS version 0.30.1-3-gfc49f6343a (webtiles) character file.

Game seed: 20230804 (custom seed)

47 AccursedSamuel the Cudgeller (level 3, -5/23 HPs)
             Began as a Tengu Monk on Aug 9, 2023.
             Killed from afar by an orc wizard (11 damage)
             ... with a puff of flame
             ... on level 3 of the Dungeon.
             The game lasted 00:02:09 (938 turns).

AccursedSamuel the Cudgeller (Tengu Monk)            Turns: 938, Time: 00:02:10

Health: -5/23      AC:  5    Str: 11    XL:     3   Next: 70%
Magic:  4/4        EV: 11    Int: 12    God:
Gold:   54         SH:  0    Dex: 16    Spells: 2/2 levels left

rFire   . . .        a - +0 mace
rCold   . . .        d - orb {light}
rNeg    . . .        j - +0 ring mail
rPois   .            (helmet restricted)
rElec   .            (no cloak)
rCorr   .            (no gloves)
SInv    .            (boots unavailable)
Will    .....        (no amulet)
Stlth   +            (no ring)
HPRegen 0.23/turn    (no ring)
MPRegen 0.09/turn

%: no passive effects
@: glowing
A: beak, talons 3
a: no special abilities


You were on level 3 of the Dungeon.
You visited 1 branch of the dungeon, and saw 3 of its levels.

You collected 54 gold pieces.

Inventory:

Hand Weapons
 a - a +0 mace (weapon)
Armour
 b - a +0 robe
 d - an orb of light (worn)
 j - a +0 ring mail (worn)
Jewellery
 k - a ring of poison resistance
Wands
 i - a wand of flame (11)
Scrolls
 e - a scroll of teleportation {unknown}
 h - 2 scrolls of blinking {unknown}
Potions
 c - 3 potions of ambrosia
 f - a potion of haste {unknown}
 g - a potion of cancellation {unknown}
 l - a potion of curing {unknown}


   Skills:
 + Level 3.4 Fighting
 + Level 4.1 Maces & Flails
 + Level 0.2 Armour
 + Level 3.8 Dodging


You had 2 spell levels left.
You didn't know any spells.
Your spell library was empty.

Dungeon Overview and Level Annotations

Branches:
Dungeon (3/15)

Altars:


Innate Abilities, Weirdness & Mutations

You have a beak for a mouth.
You have claws for feet.


Message History

You hit the orc.
The orc is almost dead.
The orc barely misses you.
You sock the orc!
You kill the orc!
Items here: )) [ †.
An orc wizard comes into view. It is wielding a +0 dagger.
The orc wizard shouts!
The orc wizard hits you but does no damage.
An orc comes into view. It is wielding a +0 club.
You closely miss the orc wizard.
The orc shouts!
Your kick misses the orc wizard.
The orc wizard gestures at you while chanting.
You resist with significant effort.
You hit the orc wizard. You peck the orc wizard.
The orc wizard is heavily wounded.
The orc wizard hits you but does no damage.
You barely miss the orc wizard. You peck the orc wizard.
The orc wizard is severely wounded.
The orc wizard hits you with a +0 dagger.
You hit the orc.
The orc is heavily wounded.
The orc hits you with a +0 club.
The orc wizard hits you with a +0 dagger.
You barely miss the orc.
The orc is heavily wounded.
The orc wizard casts a spell at you. The magic dart hits you!
The orc hits you with a +0 club.
* * * LOW HITPOINT WARNING * * *
You sock the orc!
You kill the orc!
The orc wizard misses you.
The orc wizard hits you but does no damage.
You see here a +0 club.
The orc wizard attacks as you move away!
The orc wizard misses you. The orc wizard casts a spell at you.
The puff of flame hits you!
You die...

### #.### #.o.#
#.#@# #)#.# #.#.#
### #.#.# ..# #.#.#
#.# #.#.# #.# #.#..
#.#
#.################.#
#................#.#


You could see an orc wizard.

Vanquished Creatures
  An adder (D:2)
  A worm (D:2)
  3 dart slugs
  3 orcs (D:3)
  A ball python (D:2)
  A bat (D:2)
  2 endoplasms (D:2)
  A giant cockroach (D:3)
  2 goblins (D:2)
  A hobgoblin (D:2)
  4 quokkas
  A frilled lizard (D:2)
  3 rats (D:2)
24 creatures vanquished.

Notes
Turn   | Place    | Note
-------+----------+-------------------------------------------
     0 | D:1      | AccursedSamuel the Tengu Monk began the quest for the Orb.
     0 | D:1      | Reached XP level 1. HP: 14/14 MP: 2/2
   135 | D:2      | Reached XP level 2. HP: 19/19 MP: 3/3
   519 | D:2      | Reached skill level 4 in Maces & Flails
   519 | D:2      | Reached XP level 3. HP: 19/23 MP: 4/4
   938 | D:3      | Killed from afar by an orc wizard

Illustrated notes

Levels and vault maps discovered:
D:1:      roderic_octagonal_star, layout_basic,
          hellmonk_ecumenical_altar_run_dry, minmay_box_of_dots
D:2:      layout_loops_ring
D:3:      layout_basic, serial_aquarium, aquarium_bridge_long_separate
          [aquarium_subvault_wall, aquarium_subvault_wall,
          aquarium_subvault_bridge, aquarium_subvault_wall,
          aquarium_subvault_bridge, aquarium_subvault_bridge],
          aquarium_window_1, aquarium_window_fake, aquarium_view_2d,
          aquarium_view_4, aquarium_pool_1

Skill      XL: |  1  2 |
---------------+-------+-----
Maces & Flails | 4 |  4.1
Fighting       | |  3.4
Armour         | |  0.2
Dodging        | |  3.8

Action                     || total
---------------------------++-------
  Melee: Mace              ||    46
         Kick              ||    15
         Peck              ||     7
 Armour: Robe              ||     2
         Ring mail         ||     7
  Dodge: Dodged            ||    28
